 Dungeon Crawl Stone Soup version 0.31-a0-180-g519b7de00c (webtiles) character file.

Game seed: 7764390274539424373

177 qw the Chopper (level 5, 0/32 HPs)
             Began as a Gargoyle Fighter on June 20, 2023.
             Was an Initiate of Okawaru.
             Slain by a scorpion (5 damage)
             ... on level 5 of the Dungeon.
             The game lasted 00:00:54 (1742 turns).

qw the Chopper (Gargoyle Fighter)                   Turns: 1742, Time: 00:00:55

Health: 0/32       AC: 12    Str: 21    XL:     5   Next: 57%
Magic:  5/5        EV:  9    Int:  9    God:    Okawaru [......]
Gold:   93         SH:  5    Dex: 15    Spells: 4/4 levels left

rFire   + . .        Y - +2 war axe
rCold   . . .        c - +0 buckler
rNeg    + . .        b - +0 scale mail
rPois   inf          n - +0 helmet
rElec   +            (no cloak)
rCorr   .            (no gloves)
SInv    .            (no boots)
Will    .....        (no amulet) Stlth
                     j - +6 ring of dexterity
HPRegen 0.25/turn    m - ring of protection from fire
MPRegen 0.09/turn

%: no passive effects
@: about to teleport
A: sickness immunity, AC +4, negative energy resistance 1, electricity
resistance, torment resistance 1, petrification resistance
a: Renounce Religion


You were on level 5 of the Dungeon.
You worshipped Okawaru.
Okawaru was noncommittal.
You visited 1 branch of the dungeon, and saw 4 of its levels.

You collected 93 gold pieces.


Innate Abilities, Weirdness & Mutations

You are immune to sickness and miasma.
Your stone body is resilient. (AC +4)
You are immune to poison.
You resist negative energy. (rN+)
You are resistant to electric shocks. (rElec)
You are resistant to unholy torment.
You are immune to petrification.


   Skills:
 - Level 3.2 Fighting
 - Level 4.9 Axes
 - Level 3.2 Armour
 + Level 0.8 Dodging
 - Level 3.2 Shields


You had 4 spell levels left.
You didn't know any spells.
Your spell library was empty.

Inventory:

Hand Weapons
 e - a +0 mace
 Y - a +2 war axe (weapon)
Missiles
 h - 5 boomerangs (quivered)
Armour
 b - a +0 scale mail (worn)
 c - a +0 buckler (worn)
 n - a +0 helmet (worn)
Jewellery
 j - a +6 ring of dexterity (left hand)
 m - a ring of protection from fire (right hand)
Potions
 a - a potion of attraction {unknown}
 d - 3 potions of might
 f - a potion of degeneration {unknown}
 g - a potion of curing {unknown}
 k - a potion of cancellation
 l - a potion of brilliance {unknown}
 o - a potion of lignification {unknown}

Dungeon Overview and Level Annotations

Branches:
Dungeon (3/15)

Altars:
Ashenzari
Okawaru
Qazlal
Yredelemnul

Shops:
D:1 (

Annotations:
D:5 Grinder


Message History

You feel strangely unstable. The phantom hits you.
You barely miss the phantom.
The phantom is almost destroyed.
The phantom hits you but does no damage.
The phantom hits you.
The phantom blinks!
You blink.
You barely miss the phantom.
The phantom is almost destroyed.
You block the phantom's attack.
You miss the phantom.
The phantom is almost destroyed.
Your surroundings suddenly seem different. 2 jackals come into view.
The jackal barks!
The jackal bites you but does no damage.
1736 ||| READING 2 scrolls of teleportation.
As you read the scroll of teleportation, it crumbles to dust.
You feel strangely unstable. The jackal barely misses you.
You block the jackal's attack.
You slash the jackal!
You kill the jackal!
Okawaru accepts your kill.
You hit the jackal but do no damage. You block the jackal's attack. x2
You barely miss the jackal.
Your surroundings suddenly seem different.
A scorpion comes into view.
Found a runed flail and a ring mail.
You throw a boomerang.
The boomerang hits the scorpion and shatters for extra damage!
The scorpion is severely wounded.
You throw a boomerang. The boomerang hits the scorpion.
The scorpion is severely wounded.
1741 ||| READING scroll of teleportation.
As you read the scroll of teleportation, it crumbles to dust.
You feel strangely unstable.
You closely miss the scorpion.
The scorpion is severely wounded.
The scorpion stings you.
You die...

..# . ### #.# # ##
.# ...#.# .. ....
##.#.# .#. .#.
#....### ....
...#..#...###...
.....#.5...5...$...#
.......#####...#####
#.@.....##.....
......s#####.# .####
.[)..#. #.##.# ....
.5.####.ยค..####.#
.#.
.#.........W......
..
....##############.
# .. .. ### ##


You could see Grinder and a scorpion.

Vanquished Creatures
  Natasha (thrice) (D:2)
  Robin (D:2)
  3 adders
  A worm (D:2)
  2 dart slugs
  2 orcs
  2 endoplasms
  5 giant cockroaches
  12 goblins
  7 hobgoblins
  A jackal (D:5)
  2 quokkas (D:1)
  4 bats
  A frilled lizard (D:1)
  7 kobolds
  A rat (D:3)
54 creatures vanquished.

Notes
Turn   | Place    | Note
-------+----------+-------------------------------------------
     0 | D:1      | qw the Gargoyle Fighter began the quest for the Orb.
     0 | D:1      | Reached XP level 1. HP: 14/14 MP: 1/1
     0 | D:1      | 0 ||| qw: Version: 0.3-a-9-g12657ce
     0 | D:1      | 0 ||| qw: Game counter: 1149
     0 | D:1      | 0 ||| qw: Always use a shield: true
     0 | D:1      | 0 ||| qw: God list: Okawaru
     0 | D:1      | 0 ||| qw: Allow faded altars: false
     0 | D:1      | 0 ||| qw: Do Orc after D:15 true
     0 | D:1      | 0 ||| qw: Do second Lair branch before Depths: true
     0 | D:1      | 0 ||| qw: Lair rune preference: random
     0 | D:1      | 0 ||| qw: Plans: Normal, Zot:1-4, Slime:5, God:TSO, Crypt,
                  | Tomb, Abyss, Pan, Hells, Win
     0 | D:1      | 0 ||| PLANNING D:1-11
    44 | D:1      | Reached skill level 2 in Axes
   161 | D:1      | 161 ||| DROPPING +0 club.
   234 | D:1      | Reached XP level 2. HP: 19/19 MP: 2/2
   247 | D:1      | Found Posaycs's Weapon Emporium.
   251 | D:1      | 251 ||| SHOPLISTING +2 morningstar of protection (184 gold,
                  | have 20).
   443 | D:1      | 443 ||| READING 2 scrolls labelled REUCAM QONNOL.
   444 | D:1      | 444 ||| READING scroll of enchant weapon.
   444 | D:1      | 444 ||| ENCHANTING +1 war axe.
   491 | D:2      | Noticed Natasha
   501 | D:2      | HP: 3/19 [Natasha/magic dart (9)]
   501 | D:2      | HP: 1/19 [cerulean imp/+0 spear[Natasha] (2)]
   502 | D:2      | Killed Natasha
   503 | D:2      | Reached skill level 3 in Axes
   503 | D:2      | Reached XP level 3. HP: 1/23 MP: 3/3
   711 | D:2      | Reached XP level 4. HP: 28/28 MP: 4/4
   715 | D:2      | 715 ||| Stepping ~*~*~tactically~*~*~ (stealth).
   716 | D:2      | 716 ||| Stepping ~*~*~tactically~*~*~ (stealth).
   719 | D:2      | 719 ||| Stepping ~*~*~tactically~*~*~ (stealth).
   722 | D:2      | 722 ||| Stepping ~*~*~tactically~*~*~ (stealth).
   742 | D:2      | 742 ||| DROPPING +0 whip.
   775 | D:2      | Reached skill level 4 in Axes
   778 | D:2      | Noticed Natasha
   779 | D:2      | 779 ||| Stepping ~*~*~tactically~*~*~ (stealth).
   780 | D:2      | 780 ||| Stepping ~*~*~tactically~*~*~ (stealth).
   788 | D:2      | Killed Natasha
   944 | D:2      | Noticed Natasha
   952 | D:2      | Killed Natasha
   953 | D:2      | Reached XP level 5. HP: 17/32 MP: 5/5
  1245 | D:2      | Noticed Robin
  1254 | D:2      | Killed Robin
  1432 | D:2      | 1432 ||| UPGRADING to +0 helmet.
  1437 | D:2      | 1437 ||| UPGRADING to +6 ring of dexterity.
  1438 | D:2      | 1438 ||| UPGRADING to ring of protection from fire.
  1439 | D:2      | 1439 ||| READING scroll labelled PUEQOD XUDD.
  1540 | D:2      | 1540 ||| READING 2 scrolls labelled DOESTE XUILEP.
  1543 | D:2      | 1543 ||| DRINKING 2 pink potions.
  1679 | D:3      | Found a stormy altar of Qazlal.
  1680 | D:3      | Found a basalt altar of Yredelemnul.
  1680 | D:3      | Found an iron altar of Okawaru.
  1681 | D:3      | 1681 ||| PLANNING OKAWARU WORSHIP
  1681 | D:3      | 1681 ||| READING scroll labelled MOUT ESECZARCH.
  1682 | D:3      | Found a broken altar of Ashenzari.
  1685 | D:3      | Became a worshipper of Warmaster Okawaru
  1686 | D:3      | 1686 ||| PLANNING D:1-11
  1714 | D:3      | You fall into a shaft and drop 2 floors!
  1714 | D:5      | Entered Level 5 of the Dungeon
  1717 | D:5      | Noticed Grinder
  1718 | D:5      | Noticed a phantom
  1731 | D:5      | HP: 7/32 [phantom (4)]
  1732 | D:5      | 1732 ||| READING 3 scrolls of teleportation.
  1733 | D:5      | HP: 2/32 [phantom (3)]
  1736 | D:5      | 1736 ||| READING 2 scrolls of teleportation.
  1741 | D:5      | 1741 ||| READING scroll of teleportation.
  1742 | D:5      | Slain by a scorpion

Levels and vault maps discovered:
D:1:      ncdulo_wetmaze, layout_rooms, serial_shops,
          nicolae_shop_pleasant_corner_grove
D:2:      layout_basic, minmay_gold_behind_fungi, uniq_natasha, uniq_robin
D:3:      layout_basic, minitemple, hellmonk_no_cap
D:5:      layout_basic, minmay_temple_entry_glass, kennysheep_generic_room_7,
          uniq_eustachio, uniq_ijyb, uniq_pikel, uniq_grinder

Skill      XL: |  1  2  3  4 |
---------------+-------------+-----
Axes           | 2 3 4 |  4.9
Fighting       | |  3.2
Armour         | |  3.2
Dodging        | |  0.8
Shields        | |  3.2

Action                     |  1- 3 |  4- 6 || total
---------------------------+-------+-------++-------
  Melee: War axe           |    68 |    59 ||   127
  Throw: Boomerang         |       |    21 ||    21
    Use: Scroll            |     2 |     6 ||     8
         Potion            |       |     1 ||     1
 Armour: Scale mail        |    34 |    24 ||    58
  Dodge: Dodged            |    25 |    30 ||    55
  Block: Buckler           |    11 |    20 ||    31

Table legend:
 A = Non-vault XP
 B = Vault XP
 C = Vault XP percentage of total XP
 D = Non-vault monster count
 E = Vault monster count
 F = Vault count percentage of total count
                 A         B        C        D         E       F
            +---------+---------+-------+---------+---------+-------
      Total |     181 |      72 |  28.5 |      41 |      13 |  24.1
            +---------+---------+-------+---------+---------+-------
        D:1 |      22 |       0 |   0.0 |      13 |       0 |   0.0
        D:2 |     128 |      72 |  36.0 |      18 |      13 |  41.9
        D:3 |      16 |       0 |   0.0 |       8 |       0 |   0.0
        D:5 |      15 |       0 |   0.0 |       2 |       0 |   0.0
            +---------+---------+-------+---------+---------+-------
